 Dungeon Crawl Stone Soup version 0.18-a0-1685-g4482fe3 (webtiles) character file.

52858 killme the Covert (level 14, -1/98 HPs)
             Began as a Demonspawn Wanderer on Apr 4, 2016.
             Was a High Priest of Dithmenos.
             Slain by a hill giant
             ... wielding a +0 giant club
              (20 damage)
             ... on level 12 of the Dungeon.
             The game lasted 01:24:31 (22332 turns).

killme the Covert (Demonspawn Wanderer)            Turns: 22332, Time: 01:24:32

Health: -1/98      AC:  9    Str: 15    XL:     14   Next: 28%
Magic:  22/25      EV: 12    Int: 16    God:    Dithmenos [*****.]
Gold:   1247       SH:  9    Dex: 17    Spells: 4 memorised, 11 levels left

rFire  . . .     SeeInvis .     e - +7 rapier "Cumim" {pierce, Dex+4}
rCold  + . .     Gourm    .     d - +0 robe
rNeg   . . .     Faith    .     (no shield)
rPois  +         Spirit   .     X - +0 hat {MR+}
rElec  .         Dismiss  .     y - +0 cloak
rCorr  .         Reflect  +     k - +1 pair of gloves
SustAt .         Harm     .     (no boots)
MR     ++...                    D - +5 amulet of reflection
Stlth  ++++++++++               W - ring of poison resistance
                                s - ring of protection from cold

@: wreathed by umbra, very resistant to hostile enchantments, uncannily stealthy
A: claws 2, large bone plates 3, nightstalker 2, spiny 2
a: Shadow Step, Shadow Form, Renounce Religion


You were on level 12 of the Dungeon.
You worshipped Dithmenos.
Dithmenos was extremely pleased with you.
You were not hungry.

You visited 3 branches of the dungeon, and saw 21 of its levels.
You also visited: Volcano.

You collected 1247 gold pieces.

Inventory:

Hand Weapons
 e - the +7 rapier "Cumim" (weapon) {pierce, Dex+4}
   (You found it on level 8 of the Lair of Beasts)

   It inflicts extra damage upon your enemies.
   It affects your dexterity (+4).
Armour
 d - a +0 robe (worn)
 k - a +1 pair of gloves (worn)
 y - a +0 cloak (worn)
 X - a +0 hat of magic resistance (worn)
Jewellery
 s - a ring of protection from cold (left hand)
 v - an uncursed amulet of harm
 D - a +5 amulet of reflection (around neck)
 M - an uncursed ring of flight
 R - an uncursed ring of protection from magic
 W - a ring of poison resistance (right hand)
Wands
 b - a wand of iceblast (3/15)
 i - a wand of acid (10/15)
 r - a wand of digging (12/24)
 x - a wand of paralysis (19/24)
 B - a wand of lightning (6/15)
 E - a wand of teleportation (3/9)
 T - a wand of iceblast (9/15)
Scrolls
 g - 12 scrolls of identify
 m - 7 scrolls of enchant weapon
 o - 4 scrolls of recharging
 q - 8 scrolls of remove curse
 F - a scroll of fog
 J - 4 scrolls of enchant armour
 Y - 2 scrolls of magic mapping
Potions
 a - a potion of haste
 u - a potion of brilliance
 w - 3 potions of agility
 z - 2 potions of resistance
 A - 7 potions of flight
 G - a potion of magic
 H - 2 potions of might
 I - a potion of invisibility
Books
 n - a book of Alchemy

   Spells                             Type                      Level
   a - Sublimation of Blood           Necromancy                   2
   b - Ignite Poison                  Fire/Transmutation/Poison    3
   c - Petrify                        Transmutation/Earth          4
   d - Alistair's Intoxication        Transmutation/Poison         5
   e - Irradiate                      Conjuration/Transmutation    5
 p - a book of Changes

   Spells                             Type                      Level
   a - Beastly Appendage              Transmutation                1
   b - Sticks to Snakes               Transmutation                2
   c - Spider Form                    Transmutation/Poison         3
   d - Ice Form                       Ice/Transmutation            4
   e - Blade Hands                    Transmutation                5
 C - a book of Dreams

   Spells                             Type                      Level
   a - Ensorcelled Hibernation        Hexes/Ice                    2
   b - Silence                        Hexes/Air                    5
   c - Darkness                       Hexes                        6
   d - Shadow Creatures               Summoning                    6
 L - a book of Ice

   Spells                             Type                      Level
   a - Ice Form                       Ice/Transmutation            4
   b - Metabolic Englaciation         Hexes/Ice                    5
   c - Ozocubu's Refrigeration        Ice                          6
   d - Bolt of Cold                   Conjuration/Ice              6
   e - Freezing Cloud                 Conjuration/Ice/Air          6
   f - Simulacrum                     Ice/Necromancy               6
 P - the Compendium of Translocation and Envenoming
   (You found it on level 8 of the Lair of Beasts)

   Spells                             Type                      Level
   a - Infusion                       Charms                       1
   b - Flame Tongue                   Conjuration/Fire             1
   c - Song of Slaying                Charms                       2
   d - Sticks to Snakes               Transmutation                2
   e - Animate Dead                   Necromancy                   4
   f - Excruciating Wounds            Charms/Necromancy            5
   g - Yara's Violent Unravelling     Hexes/Transmutation          5
 Q - a book of the Sky

   Spells                             Type                      Level
   a - Summon Lightning Spire         Summoning/Air                4
   b - Airstrike                      Air                          4
   c - Silence                        Hexes/Air                    5
   d - Deflect Missiles               Charms/Air                   6
   e - Conjure Ball Lightning         Conjuration/Air              6
   f - Tornado                        Air                          9
 Z - a book of the Dragon

   Spells                             Type                      Level
   a - Flame Tongue                   Conjuration/Fire             1
   b - Cause Fear                     Hexes                        4
   c - Bolt of Fire                   Conjuration/Fire             6
   d - Dragon Form                    Transmutation                7
   e - Dragon's Call                  Summoning                    9
Miscellaneous
 S - a legendary deck of changes
Comestibles
 c - a chunk of flesh
 f - a bread ration
 h - 11 beef jerkies
 j - 11 slices of pizza
 l - 13 meat rations
 t - 3 royal jellies
 K - 35 fruits


   Skills:
 - Level 5.1 Fighting
 + Level 12.3 Short Blades
 - Level 1.7 Armour
 - Level 1.0 Dodging
 - Level 13.5 Stealth
 + Level 7.7 Spellcasting
 - Level 13.4 Hexes
 - Level 1.0 Ice Magic


You had 11 spell levels left.
You knew the following spells:

 Your Spells              Type           Power        Failure   Level  Hunger
a - Darkness              Hex            #####.....   10%         6    #######
b - Ensorcelled Hibernat  Hex/Ice        ####..       1%          2    None
c - Cause Fear            Hex            #####.....   1%          4    ####...
d - Metabolic Englaciati  Hex/Ice        ####......   17%         5    #####..


Dungeon Overview and Level Annotations

Branches:
Dungeon (12/15)            Temple (1/1) D:5            Lair (8/8) D:8
 Shoals (0/4) Lair:5       Spider (0/4) Lair:3          Orc (0/2) D:11
  Slime: Lair:6-8

Altars:
Ashenzari
Cheibriados
Dithmenos
Fedhas
Gozag
Kikubaaqudgha
Nemelex Xobeh
Okawaru
Pakellas
Qazlal
Ru
Sif Muna
Trog
Vehumet
Xom
Yredelemnul
Zin

Annotations:
D:2 Ijyb
D:10 exclusion: oklob plant
D:11 Kirke
D:12 Sonja
Lair:1 Fannar
Lair:3 Rupert


Innate Abilities, Weirdness & Mutations

You have very sharp fingernails.
You are completely covered in large bone plates (AC +4, SH +4).
You are significantly more attuned to the shadows.
You are mostly covered in sharp spines.


Message History

Sonja hits you but does no damage.
You blink.
You puncture the hill giant!
The hill giant is heavily wounded.
You block the hill giant's attack. Sonja closely misses you.
Sonja completely misses you. Sonja barely misses you.
You barely miss the hill giant.
The hill giant is heavily wounded.
The crimson imp hits you.
* * * LOW HITPOINT WARNING * * *
You block Sonja's attack.
Sonja hits you with an uncursed dagger of distortion.
* * * LOW HITPOINT WARNING * * *
Space bends around you.
* * * LOW HITPOINT WARNING * * *
Sonja hits you with an uncursed dagger of distortion.
* * * LOW HITPOINT WARNING * * *
You puncture the hill giant!
The hill giant is severely wounded.
The hill giant hits you with a giant club!!
You die...

###.......###....###....
##.#.......# ..
##.#........###
##..............
#..#............
#.#.............
#>#......)......
#>.............
>..#.....)C@.....
#.#.......KF5....
.#........>D.....
.#..............
#.....#.....###
#######.....# #...(.#


You could see a four-headed hydra, a hill giant, Sonja, a giant frog and a
crimson imp.

Vanquished Creatures
  Gastronok (Lair:2)
  7 hydras
  An anaconda (Lair:8)
  A catoblepas (Lair:7)
  3 death yaks (Lair:7)
  Urug (Lair:2)
  An unseen horror (D:10)
  3 hill giants
  2 ugly things (D:11)
  2 griffons
  2 cyclopes
  11 elephants
  10 black mambas
  A siren (Lair:5)
  A gargoyle (D:10)
  7 komodo dragons
  15 spiny frogs
  A troll (D:9)
  Grinder (D:6)
  A two-headed ogre (D:9)
  13 blink frogs
  A boulder beetle (Lair:8)
  Sigmund (D:5)
  3 redbacks (Lair:3)
  43 yaks
  A wyvern (Lair:8)
  6 hogs (D:12)
  3 basilisks
  Eustachio (D:6)
  8 hippogriffs
  2 hungry ghosts
  Menkaure (D:6)
  Edmund (D:6)
  2 hell hounds (Lair:2)
  23 water moccasins
  9 porcupines
  A soldier ant (D:12)
  A swamp drake (D:11)
  An eye of draining (D:8)
  An ice beast (D:11)
  2 orc warriors (D:11)
  A wasp (D:11)
  3 phantoms
  3 ogres
  A sky beast (D:7)
  A necrophage (D:11)
  8 wolves
  2 centaurs
  14 crocodiles
  5 big kobolds
  16 giant frogs
  A water moccasin zombie (D:8)
  A wyvern skeleton (D:10)
  7 scorpions
  3 killer bees (D:11)
  6 electric eels
  6 crimson imps
  A giant frog zombie (D:6)
  A wasp zombie (D:9)
  3 orc priests
  Crazy Yiuf (D:6)
  5 jellies
  9 hounds
  A giant frog skeleton (D:5)
  10 orc wizards
  10 iguanas
  7 worker ants
  23 sheep
  9 gnolls
  12 adders
  62 river rats
  7 shadow imps
  3 adder skeletons
  4 worms
  3 dart slugs
  5 giant geckos
  40 orcs
  10 bats
  3 giant cockroaches
  8 goblins
  7 hobgoblins
  12 jackals
  16 kobolds
  10 quokkas
  A ball python (D:5)
  4 giant newts (D:2)
  A jackal skeleton (D:4)
  A jackal zombie (D:8)
  8 rats
  2 fungi
  3 plants
576 creatures vanquished.

Vanquished Creatures (others)
  28 fungi
  49 plants
77 creatures vanquished.

Grand Total: 653 creatures vanquished

Notes
Turn   | Place    | Note
--------------------------------------------------------------
     0 | D:1      | killme the Demonspawn Wanderer began the quest for the Orb.
     0 | D:1      | killme set off with: a +2 short sword, a potion of lignification, a potion of curing, a +0 robe, a +0 dagger, a bread ration
     0 | D:1      | Reached XP level 1. HP: 18/18 MP: 1/1
   265 | D:1      | Gained mutation: You are partially covered in sharp spines. [demonic ancestry]
   265 | D:1      | Reached XP level 2. HP: 17/24 MP: 2/2
   727 | D:1      | Gained mutation: You are partially covered in large bone plates (AC +2, SH +2). [demonic ancestry]
   727 | D:1      | Reached XP level 3. HP: 29/30 MP: 3/3
   961 | D:2      | Found a radiant altar of Vehumet.
   993 | D:2      | Gained mutation: You are slightly more attuned to the shadows. [demonic ancestry]
   993 | D:2      | Reached XP level 4. HP: 24/38 MP: 4/4
   997 | D:2      | Reached skill level 5 in Fighting
  1283 | D:2      | Noticed Ijyb
  1385 | D:2      | Found a snail-covered altar of Cheibriados.
  1438 | D:2      | Reached XP level 5. HP: 27/44 MP: 5/5
  1745 | D:3      | Found a shattered altar of Ashenzari.
  2464 | D:4      | Noticed a centaur
  2474 | D:4      | Killed a centaur
  2474 | D:4      | Gained mutation: You have sharp fingernails. [demonic ancestry]
  2474 | D:4      | Reached XP level 6. HP: 25/51 MP: 6/6
  2688 | D:4      | Reached skill level 5 in Short Blades
  2709 | D:4      | You fall through a shaft for 2 floors!
  2739 | D:6      | Found an opulent altar of Gozag.
  2759 | D:5      | Entered Level 5 of the Dungeon
  2805 | D:5      | Noticed Sigmund
  2814 | D:5      | Killed Sigmund
  2814 | D:5      | Reached XP level 7. HP: 51/56 MP: 7/7
  2839 | D:5      | Found a staircase to the Ecumenical Temple.
  2850 | Temple   | Entered the Ecumenical Temple
  2992 | Temple   | Became a worshipper of Dithmenos the Shadowed
  3160 | D:5      | Learned a level 2 spell: Ensorcelled Hibernation
  3350 | D:5      | Found a glowing silver altar of Zin.
  3634 | D:6      | Reached skill level 1 in Spellcasting
  3639 | D:6      | Reached skill level 1 in Hexes
  3732 | D:6      | Noticed Eustachio
  3750 | D:6      | Killed Eustachio
  3750 | D:6      | Gained mutation: You are mostly covered in sharp spines. [demonic ancestry]
  3750 | D:6      | Reached XP level 8. HP: 14/62 MP: 8/11
  3890 | D:6      | Noticed Edmund
  3912 | D:6      | Killed Edmund
  4002 | D:6      | Reached * piety under Dithmenos
  4015 | D:6      | Noticed Crazy Yiuf
  4021 | D:6      | Killed Crazy Yiuf
  4053 | D:6      | Noticed Grinder
  4057 | D:6      | Paralysed by Grinder for 3 turns
  4079 | D:6      | Killed Grinder
  4104 | D:6      | Noticed Menkaure
  4108 | D:6      | HP: 1/62 [Menkaure (22)]
  4110 | D:6      | Killed Menkaure
  4418 | D:7      | Noticed an air elemental
  4428 | D:7      | Found a stormy altar of Qazlal.
  4515 | D:7      | Gained mutation: You have very sharp fingernails. [demonic ancestry]
  4515 | D:7      | Reached XP level 9. HP: 68/68 MP: 15/15
  5099 | D:8      | Reached skill level 5 in Hexes
  5248 | D:8      | Reached skill level 5 in Spellcasting
  5271 | D:8      | Reached ** piety under Dithmenos
  5540 | D:8      | Noticed a three-headed hydra
  5549 | D:8      | Killed a three-headed hydra
  5819 | D:8      | Gained mutation: You are significantly more attuned to the shadows. [demonic ancestry]
  5819 | D:8      | Reached XP level 10. HP: 70/74 MP: 19/19
  6033 | D:8      | Found a staircase to the Lair.
  6318 | D:9      | Found an oddly glowing altar of Pakellas.
  7024 | D:9      | Found an iron altar of Okawaru.
  7180 | D:10     | Entered Level 10 of the Dungeon
  7239 | D:10     | Noticed a hill giant
  7258 | D:10     | Killed a hill giant
  7335 | D:10     | Reached *** piety under Dithmenos
  7365 | D:10     | Noticed a cyclops
  7383 | D:10     | Killed a cyclops
  7513 | D:10     | Gained mutation: You have supernaturally acute eyesight. [potion of mutation]
  7513 | D:10     | Gained mutation: Your spells are a little harder to cast, but a little more powerful. [potion of mutation]
  7513 | D:10     | Lost mutation: Your spells are a little harder to cast, but a little more powerful. [potion of mutation]
  7624 | D:10     | Found a shadowy altar of Dithmenos.
  7625 | D:10     | Noticed an oklob plant
  7803 | D:10     | Noticed a gargoyle
  7817 | D:10     | Killed a gargoyle
  8162 | Lair:1   | Entered Level 1 of the Lair of Beasts
  8264 | Lair:1   | Noticed a spiny frog
  8272 | Lair:1   | Killed a spiny frog
  8272 | Lair:1   | Reached skill level 10 in Short Blades
  8454 | Lair:1   | Noticed an eight-headed hydra
  8866 | Lair:1   | Gained mutation: You are mostly covered in large bone plates (AC +3, SH +3). [demonic ancestry]
  8866 | Lair:1   | Reached XP level 11. HP: 74/79 MP: 21/21
  9096 | Lair:1   | Noticed Fannar
  9279 | Lair:2   | Found a dark tunnel.
  9454 | Volcano  | Entered a volcano
  9454 | Volcano  | Noticed Jano's ghost (novice DsGl)
  9537 | Volcano  | Noticed Aksel's ghost (journeyman HOFi)
  9798 | Lair:2   | Noticed Urug
  9823 | Lair:2   | Killed Urug
  9823 | Lair:2   | Reached skill level 5 in Stealth
 10057 | Lair:2   | Noticed Gastronok
 10112 | Lair:2   | Killed Gastronok
 10180 | Lair:2   | Reached skill level 10 in Hexes
 10736 | Lair:3   | Noticed Rupert
 10979 | Lair:3   | Learned a level 6 spell: Darkness
 11443 | Lair:3   | Noticed a six-headed hydra
 11447 | Lair:3   | Killed a six-headed hydra
 11447 | Lair:3   | Gained mutation: You are completely covered in large bone plates (AC +4, SH +4). [demonic ancestry]
 11447 | Lair:3   | Reached XP level 12. HP: 86/86 MP: 17/22
 11633 | Lair:3   | Found a hole to the Spider Nest.
 12163 | Lair:4   | Reached skill level 10 in Stealth
 12426 | Lair:4   | Reached **** piety under Dithmenos
 13314 | Lair:5   | Noticed a death yak
 13707 | Lair:5   | Noticed a four-headed hydra
 13710 | Lair:5   | Killed a four-headed hydra
 13908 | Lair:5   | Found a staircase to the Shoals.
 14755 | Lair:6   | Reached XP level 13. HP: 37/91 MP: 0/23
 14915 | Lair:6   | Reached ***** piety under Dithmenos
 16401 | Lair:7   | Learned a level 4 spell: Cause Fear
 16526 | Lair:7   | Lost mutation: You have supernaturally acute eyesight. [potion of cure mutation]
 16616 | Lair:8   | Entered Level 8 of the Lair of Beasts
 17934 | Lair:8   | Was placed under penance by Dithmenos
 17981 | Lair:8   | Got an iridescent rapier
 17983 | Lair:8   | Identified the +7 rapier "Cumim" {pierce, Dex+4} (You found it on level 8 of the Lair of Beasts)
 18958 | Lair:7   | HP: 1/91 [death yak (24)]
 19017 | Lair:7   | Was forgiven by Dithmenos
 19775 | Lair:8   | Noticed a dire elephant
 19775 | Lair:8   | Noticed a dire elephant
 19783 | Lair:8   | Identified the Compendium of Translocation and Envenoming (You found it on level 8 of the Lair of Beasts)
 19789 | Lair:8   | Noticed a dire elephant
 19793 | Lair:8   | Noticed a dire elephant
 19954 | Lair:4   | Reached XP level 14. HP: 36/98 MP: 15/24
 20425 | D:11     | Learned a level 5 spell: Metabolic Englaciation
 20887 | D:11     | Found a staircase to the Orcish Mines.
 21563 | D:12     | Noticed Kirke
 21586 | D:12     | Noticed a sphinx
 21742 | D:11     | HP: 2/98 [barbs]
 21747 | D:11     | HP: 2/98 [barbs]
 22116 | D:10     | Reached skill level 1 in Ice Magic
 22320 | D:12     | Noticed Sonja
 22332 | D:12     | Slain by a hill giant

Vault maps used:
D:1:      erik_arrival_cave_to_civilisation, glass_columns_a
D:2:      wad_woods_tower, nicolae_overflow_hidden_temple, vehumet_crystals,
          st_stairs_3, minmay_box_of_dots, uniq_iyjb
D:3:      ashenzari_conservatory_becter, first_bread, dk_noncrumbling_3
D:4:      lemuel_crystal_altar, makhleb_heckhound_becter, elyvilon_altar_1
D:5:      zin_scriptorium, minmay_temple_entry_butterflies, serial_curves,
          eino_curves_03, eino_curves_01, uniq_sigmund
D:6:      kennysheep_mini, uniq_crazy_yiuf_cottage, uniq_grinder, uniq_edmund,
          uniq_eustachio, uniq_menkaure
D:7:      nicolae_qazlal_style_of_elements
D:8:      dpeg_oklobed_lair, hangedman_ranch, feat_on_display
D:9:      grunt_pakellas_salt, fountainhead, minmay_misc_feat_tower,
          okawaru_altar_gauntlet_db
D:10:     lemuel_oklob_altar
D:11:     erik_orc_1
D:12:     evilmike_butchery, uniq_kirke, uniq_sonja
Temple:   roderic_octagonal_lattice_temple
Lair:1:   uniq_fannar
Lair:2:   enter_volcano_3, uniq_urug, uniq_gastronok
Lair:3:   spider_nest_entry_webs, uniq_rupert
Lair:5:   minmay_shoals_entry_lonely_mermaid, grunt_megastairs_2
Lair:6:   lemuel_fruit_fields
Lair:7:   dpeg_slime_entry_corner, grunt_megastairs_4
Lair:8:   due_jungle_book, serial_bayou_lagoon_b, lemuel_fruit_tree,
          serial_bayou_shore_a
Volcano:  volcano_tomb

Skill      XL: |  1  2  3  4  5  6  7  8  9 10 11 12 13 14 |
---------------+-------------------------------------------+-----
Fighting       | 4 5 |  5.1
Short Blades   | 2 4 6 7 9 10 11 12 | 12.3
Spellcasting   | 2 4 6 7 |  7.7
Hexes          | 1 4 6 8 10 11 13 | 13.4
Stealth        | 4 8 12 13 | 13.5
Ice Magic      | 1 |  1.0
Armour         | |  1.7
Dodging        | |  1.0

Action                   |  1- 3 |  4- 6 |  7- 9 | 10-12 | 13-15 || total
-------------------------+-------+-------+-------+-------+-------++-------
Melee: Short sword       |    50 |   162 |   245 |   780 |   313 ||  1550
       Dagger            |       |       |       |     2 |       ||     2
       Rapier            |       |       |       |       |   275 ||   275
       Unarmed           |       |       |       |       |    12 ||    12
 Cast: Ensorcelled Hiber |       |       |    15 |    96 |   157 ||   268
       Cause Fear        |       |       |       |       |     1 ||     1
       Metabolic Englaci |       |       |       |       |     1 ||     1
Invok: Shadow Step       |       |       |       |     2 |     1 ||     3
Evoke: Wand              |       |       |     6 |     2 |     3 ||    11
  Use: Scroll            |       |     9 |     5 |     6 |    11 ||    31
       Potion            |       |     4 |     2 |     7 |     8 ||    21
 Stab: Sleeping          |     4 |    15 |    17 |   127 |    96 ||   259
       Distracted        |       |       |       |     2 |     1 ||     3
       Confused          |       |       |       |       |     2 ||     2
  Eat: Chunk             |       |     6 |     1 |    22 |     5 ||    34
       Bread ration      |       |       |     2 |     2 |     5 ||     9
